 Dungeon Crawl Stone Soup version 0.22-a0-858-g985ef60 (webtiles) character file.

2693 inc the Fighter (level 9, -3/102 HPs)
             Began as an Ogre Gladiator on July 27, 2018.
             Was a Priest of Okawaru.
             Killed from afar by Erica (27 damage)
             ... with an orb of energy
             ... on level 8 of the Dungeon.
             The game lasted 00:14:15 (9464 turns).

inc the Fighter (Ogre Gladiator)                    Turns: 9464, Time: 00:14:16

Health: -3/102     AC:  4    Str: 23    XL:     9   Next: 65%
Magic:  13/13      EV: 10    Int:  9    God:    Okawaru [***...]
Gold:   358        SH:  0    Dex: 10    Spells: 8/8 levels left

rFire    . . .     SeeInvis .   a - +1 whip (freeze)
rCold    . . .     Gourm    .   (no shield)
rNeg     . . .     Faith    .   t - +0 robe
rPois    .         Spirit   .   c - +0 hat
rElec    .         Reflect  .   x - +0 cloak
rCorr    .         Harm     .   (gloves unavailable)
MR       .....                  (boots unavailable)
Stlth    +.........             (no amulet)
HPRegen  0.27/turn              (no ring)
MPRegen  0.13/turn              q - ring of wizardry

@: hasted and slowed
A: large, unfitting armour, tough skin 1
a: Heroism, Renounce Religion


You were on level 8 of the Dungeon.
You worshipped Okawaru.
Okawaru was most pleased with you.
You were not hungry.

You visited 2 branches of the dungeon, and saw 9 of its levels.

You collected 358 gold pieces.

Inventory:

Hand Weapons
 a - a +1 whip of freezing (weapon)
 b - a +0 blowgun
 w - a -1 mace
 C - a +0 flail
Missiles
 d - 3 throwing nets
 s - 7 silver javelins
 u - 17 poisoned needles
 D - 3 large rocks (quivered)
Armour
 c - a +0 hat (worn)
 t - a +0 robe (worn)
 x - a +0 cloak (worn)
Jewellery
 e - an uncursed ring of teleportation
 q - a ring of wizardry (right hand)
 z - an uncursed ring of magical power {unknown}
 F - an uncursed ring of wizardry
Wands
 v - a wand of polymorph (15)
 y - a wand of paralysis (14)
Scrolls
 g - a scroll of enchant armour
 h - 3 scrolls of identify
 i - 3 scrolls of teleportation
 j - a scroll of fear
 k - 4 scrolls of magic mapping {unknown}
 n - 3 scrolls of remove curse
 o - 2 scrolls of amnesia {unknown}
 r - 2 scrolls of enchant weapon {unknown}
 A - a scroll of fog
Potions
 m - a potion of lignification
 p - a potion of flight
 B - a potion of curing
 E - a potion of brilliance
Comestibles
 f - 12 rations


   Skills:
 + Level 10.7 Fighting
 + Level 7.9 Maces & Flails
 - Level 2.0 Throwing
 - Level 2.6 Dodging
 + Level 6.5 Invocations


You had 8 spell levels left.
You didn't know any spells.
Your spell library contained the following spells:

 Spells                   Type           Power        Failure   Level  Hunger
 Apportation              Tloc           #.....       16%         1    ##.....
 Summon Small Mammal      Summ           #...         16%         1    ##.....
 Animate Skeleton         Necr           N/A          16%         1    ##.....
 Confusing Touch          Hex            #.....       16%         1    ##.....


Dungeon Overview and Level Annotations

Branches:
Dungeon (8/15)             Temple (1/1) D:6
   Lair: D:8-11

Altars:
Dithmenos
Fedhas
Makhleb
Nemelex Xobeh
Okawaru
Ru
Uskayaw
Xom
Yredelemnul
The Shining One

Shops:
D:6 (

Annotations:
D:5 2 transporters
D:8 Erica


Innate Abilities, Weirdness & Mutations

You are too large for most types of armour.
You have tough skin. (AC +1)


Message History

Okawaru accepts your kill.
You hear some strange, mumbled words.
You feel as though you will be slow longer.
The gnoll shaman calls upon its god to speed up the gnoll.
The gnoll seems to speed up.
You see here a crocodile corpse.
You feel yourself slow down.
You hear some strange, mumbled words.
An orb of energy appears from out of thin air!
The orb of energy hits you!
* * * LOW HITPOINT WARNING * * *
The orb of energy explodes!
You hear a shout!
Erica appears from thin air!
Reactivating autopickup.
Okay, then.
You feel yourself speed up.
Erica points at you and mumbles some strange words.
The orb of energy hits you!
You die...

#o# #.# #g#
#g#
#.##########
#.#
#.....<....#
#g#
##########.#
#.#
#.#######g#
#...@@.g.g#
###########


You could see Erica, a gnoll shaman and 2 gnolls.

Vanquished Creatures
  Pikel (D:7)
  Joseph (D:7)
  Menkaure (D:4)
  Duvessa (D:3)
  An ogre (D:4)
  A phantom (D:5)
  3 centaurs
  2 crocodiles (D:8)
  A bullfrog (D:5)
  A wyvern zombie (D:7)
  Dowan (D:3)
  3 killer bees (D:8)
  A howler monkey (D:5)
  2 crimson imps (D:6)
  A hound (D:4)
  A jelly (D:7)
  6 orc wizards
  5 iguanas
  2 worker ants
  A worker ant zombie (D:6)
  3 gnolls (D:5)
  10 adders
  4 shadow imps
  An ooze (D:3)
  4 worms
  2 dart slugs (D:1)
  2 leopard geckos (D:5)
  22 orcs
  8 giant cockroaches
  12 goblins
  5 hobgoblins
  3 jackals (D:2)
  11 kobolds
  4 quokkas
  10 bats
  7 frilled lizards
  A giant cockroach zombie (D:5)
  11 rats
156 creatures vanquished.

Notes
Turn   | Place    | Note
-------+----------+-------------------------------------------
     0 | D:1      | inc the Ogre Gladiator began the quest for the Orb.
     0 | D:1      | Reached XP level 1. HP: 22/22 MP: 1/1
    41 | D:1      | Reached skill level 3 in Fighting
   214 | D:1      | Reached XP level 2. HP: 31/31 MP: 2/2
   498 | D:1      | Reached XP level 3. HP: 32/39 MP: 3/3
   737 | D:1      | Reached skill level 4 in Fighting
  1087 | D:2      | Found a shadowy altar of Dithmenos.
  1176 | D:2      | Reached XP level 4. HP: 33/49 MP: 4/4
  1456 | D:2      | Found an iron altar of Okawaru.
  1463 | D:2      | Became a worshipper of Warmaster Okawaru
  2341 | D:3      | HP: 2/49 [poisoned by a kobold]
  2646 | D:3      | Reached skill level 5 in Fighting
  2646 | D:3      | Reached XP level 5. HP: 47/57 MP: 5/5
  2805 | D:4      | Noticed Menkaure
  2842 | D:4      | Noticed an ogre
  2878 | D:4      | Killed an ogre
  3193 | D:4      | Noticed Duvessa
  3193 | D:4      | Noticed Dowan
  3221 | D:3      | Killed Duvessa
  3221 | D:3      | Reached skill level 6 in Fighting
  3221 | D:3      | Reached XP level 6. HP: 36/68 MP: 6/6
  3450 | D:3      | Killed Dowan
  3450 | D:3      | Reached * piety under Okawaru
  3450 | D:3      | Reached skill level 5 in Maces & Flails
  3818 | D:4      | Killed Menkaure
  3818 | D:4      | Reached skill level 7 in Fighting
  3818 | D:4      | Reached XP level 7. HP: 36/78 MP: 7/7
  4252 | D:4      | Reached skill level 1 in Invocations
  4900 | D:4      | Found a basalt altar of Yredelemnul.
  5021 | D:5      | Entered Level 5 of the Dungeon
  5024 | D:5      | Reached skill level 8 in Fighting
  5127 | D:5      | Reached XP level 8. HP: 31/88 MP: 9/9
  5377 | D:5      | HP: 3/88 [centaur (7)]
  5746 | D:5      | Reached ** piety under Okawaru
  6000 | D:5      | Found a transporter.
  6036 | D:5      | Found a transporter.
  6854 | D:6      | Reached skill level 9 in Fighting
  6884 | D:6      | Found Wayhuw's Antique Weapon Shoppe.
  6918 | D:6      | Noticed a dagger
  6918 | D:6      | Noticed a hand axe
  6920 | D:6      | Found a hide-covered altar of Uskayaw.
  7044 | D:6      | Noticed a two-headed ogre
  7420 | D:6      | Found a staircase to the Ecumenical Temple.
  7426 | Temple   | Entered the Ecumenical Temple
  8131 | D:7      | Found a sparkling altar of Nemelex Xobeh.
  8134 | D:7      | Found a glowing golden altar of the Shining One.
  8136 | D:7      | Found a blossoming altar of Fedhas.
  8172 | D:7      | Noticed Joseph
  8219 | D:7      | Killed Joseph
  8219 | D:7      | Reached *** piety under Okawaru
  8219 | D:7      | Reached skill level 5 in Invocations
  8219 | D:7      | Reached XP level 9. HP: 42/101 MP: 10/12
  8548 | D:7      | Noticed Pikel
  8599 | D:7      | Killed Pikel
  8599 | D:7      | Received a gift from Okawaru
  8599 | D:7      | Reached skill level 10 in Fighting
  9393 | D:8      | Noticed Erica
  9419 | D:8      | Noticed a two-headed ogre
  9464 | D:8      | Killed from afar by Erica

Vault maps used:
D:1:      evilmike_arrival_run_for_it
D:2:      okawaru_metal_pillars_1_2, supply_closet_lemuel,
          grunt_dithmenos_smoke_and_mirrors
D:3:      minivault_24
D:4:      lemuel_coloured_pillars_altar, uniq_menkaure, uniq_duvessa
D:5:      gammafunk_cloud_chamber, first_ration
D:6:      dancing_weapons_uskayaw, minmay_temple_entry_metal_lava, serial_shops,
          shop
D:7:      nicolae_whirlpool, grunt_temple_overflow_diamond, uniq_joseph,
          uniq_pikel
D:8:      serial_shops, shop, uniq_erica
Temple:   eino_temple_scatter_basement

Skill      XL: |  1  2  3  4  5  6  7  8  9 |
---------------+----------------------------+-----
Fighting       | 3 4 5 6 7 8 9 10 | 10.7
Maces & Flails | 3 4 5 6 7 |  7.9
Invocations    | 2 5 6 |  6.5
Throwing       | |  2.0
Dodging        | |  2.6

Action                   |  1- 3 |  4- 6 |  7- 9 || total
-------------------------+-------+-------+-------++-------
Melee: Flail             |   134 |   114 |   291 ||   539
       Punch             |       |       |     2 ||     2
       Whip              |       |       |    74 ||    74
 Fire: Blowgun           |       |    15 |    19 ||    34
Throw: Throwing net      |       |     2 |       ||     2
Invok: Heroism           |       |       |     4 ||     4
  Use: Potion            |       |     4 |     9 ||    13
       Scroll            |       |     5 |     5 ||    10
 Stab: Sleeping          |     1 |     1 |     1 ||     3
       Invisible         |       |       |     2 ||     2
  Eat: Chunk             |       |     6 |    12 ||    18
       Ration            |       |     1 |     2 ||     3
Armor: Robe              |    59 |    36 |    43 ||   138
       Skin              |       |       |    27 ||    27
Dodge: Dodged            |    81 |    76 |   165 ||   322

Table legend:
 A = Spawn XP
 B = Non-spawn XP
 C = Spawn XP percentage of total XP
 D = Spawn monster count
 E = Non-spawn monster count
 F = Spawn count percentage of total count
 G = Total turns spent on level
                    A         B        C        D         E        F      G
               +---------+---------+-------+---------+---------+-------+---------
         Total |       0 |    3848 |   0.0 |       0 |     156 |   0.0 |  9464
               +---------+---------+-------+---------+---------+-------+---------
           D:1 |       0 |      58 |   0.0 |       0 |      33 |   0.0 |   909
           D:2 |       0 |      59 |   0.0 |       0 |      22 |   0.0 |  1136
           D:3 |       0 |     288 |   0.0 |       0 |      23 |   0.0 |  1851
           D:4 |       0 |     693 |   0.0 |       0 |      29 |   0.0 |  1125
           D:5 |       0 |     694 |   0.0 |       0 |      21 |   0.0 |  1747
           D:6 |       0 |     179 |   0.0 |       0 |       9 |   0.0 |   727
           D:7 |       0 |    1463 |   0.0 |       0 |      13 |   0.0 |  1827
           D:8 |       0 |     414 |   0.0 |       0 |       6 |   0.0 |   124
               +---------+---------+-------+---------+---------+-------+---------
